 Dungeon Crawl Stone Soup version 0.31-a0-986-g5e6e4ef867 (webtiles) character file.

Game seed: 15120045410703082529

3416 Dittersdorf the Covered (level 10, -1/76 (79) HPs)
             Began as a Human Fighter on Nov 7, 2023.
             Slain by a wight
             ... wielding a +0 halberd
              (4 damage)
             ... on level 8 of the Dungeon.
             The game lasted 00:10:26 (6626 turns).

Dittersdorf the Covered (Human Fighter)             Turns: 6626, Time: 00:10:26

HP:   -1/76 (79)    AC: 17    Str: 24    XL:     10   Next: 25%
MP:   10/10         EV:  9    Int: 13    God:
Gold: 440           SH:  6    Dex: 15    Spells: 7/9 levels left

rFire   . . .        b - +1 demon blade (freeze)
rCold   . . .        c - +0 buckler
rNeg    . . .        z - +0 scale mail of the Iron Devil {Str+4 Int+3 Dex+3}
rPois   +            i - +1 helmet
rElec   .            (no cloak)
rCorr   .            e - +2 pair of gloves
SInv    .            (no boots)
Will    .....        (no amulet) Stlth
                     l - +4 ring of protection
HPRegen 0.32/turn    B - ring of poison resistance
MPRegen 0.12/turn

%: no passive effects
@: lightly drained
A: no striking features
a: no special abilities


You were on level 8 of the Dungeon.
You visited 2 branches of the dungeon, and saw 9 of its levels.

You collected 440 gold pieces.

Inventory:

Hand Weapons
 b - a +1 demon blade of freezing (weapon)
Missiles
 g - a curare-tipped dart (quivered)
Armour
 c - a +0 buckler (worn)
 e - a +2 pair of gloves (worn)
 i - a +1 helmet (worn)
 z - the +0 scale mail of the Iron Devil (worn) {Str+4 Int+3 Dex+3}
   (You found it on level 4 of the Dungeon)

   Str+4:     It affects your strength (+4).
   Int+3:     It affects your intelligence (+3).
   Dex+3:     It affects your dexterity (+3).
Jewellery
 l - a +4 ring of protection (left hand)
 o - a ring of willpower
 p - an amulet of faith
 B - a ring of poison resistance (right hand)
Wands
 r - a wand of light (10)
 y - a wand of digging (4)
Scrolls
 a - 2 scrolls of enchant weapon
 f - 2 scrolls of immolation
 j - a scroll of teleportation
 k - 2 scrolls of enchant armour
Potions
 d - a potion of might
 h - a potion of ambrosia {unknown}
 m - a potion of degeneration {unknown}
 n - a potion of invisibility {unknown}
 q - a potion of curing {unknown}
 t - 2 potions of enlightenment {unknown}
 u - a potion of mutation {unknown}
 v - a potion of cancellation {unknown}
 w - 2 potions of lignification {unknown}
 x - 2 potions of resistance
 A - a potion of brilliance
 C - a potion of berserk rage


   Skills:
 + Level 7.6 Fighting
 + Level 7.2 Long Blades
 + Level 7.6 Armour
 + Level 7.6 Shields


You had 7 spell levels left.
You knew the following spells:

 Your Spells              Type           Power      Damage    Failure   Level
a - Passwall              Tmut/Erth      0%         N/A       75%         2

Your spell library contained the following spells:

 Spells                   Type           Power      Damage    Failure   Level
 Sandblast                Erth           0%         2d4       61%         1
 Cigotuvi's Dreadful Rot  Necr/Pois/Air  0%         N/A       75%         2
 Ignite Poison            Fire/Tmut/Pois 0%         N/A       93%         3
 Stone Arrow              Conj/Erth      0%         3d7       93%         3
 Brom's Barrelling Bould  Conj/Erth      0%         2d3       100%        4
 Freezing Cloud           Conj/Ice/Air   0%         6-21      100%        5


Dungeon Overview and Level Annotations

Branches:
Dungeon (8/15)             Temple (1/1) D:4
   Lair: D:8-11

Altars:
Cheibriados
Dithmenos
Elyvilon
Hepliaklqana
Kikubaaqudgha
Nemelex Xobeh
Okawaru
Qazlal
Sif Muna
Trog
Uskayaw
Xom
Yredelemnul
Zin
The Shining One

Shops:
D:5 ?   D:6 *

Annotations:
D:7 2 runed translucent doors, Fodor's ghost, novice MiFi


Message History

You feel drained. The wight freezes you.
You hit the wight but do no damage.
The wight is almost destroyed.
The wight hits you from afar with a +0 halberd!
* * * LOW HITPOINT WARNING * * *
You feel drained.
* * * LOW HITPOINT WARNING * * *
The wight hits you with a +3 dire flail of freezing!
* * * LOW HITPOINT WARNING * * *
The wight freezes you.
* * * LOW HITPOINT WARNING * * *
You hear an angry hiss.
You hit the wight but do no damage.
The wight is almost destroyed.
You hear an angry hiss.
The wight hits you from afar with a +0 halberd.
* * * LOW HITPOINT WARNING * * *
The wight hits you but does no damage.
You hear a shout!
You closely miss the wight.
The wight is almost destroyed.
You hear an angry hiss.
You block the wight's attack. The wight closely misses you.
You hit the wight but do no damage.
The wight is almost destroyed.
The wight barely misses you. The wight closely misses you.
You slash the wight!
You destroy the wight!
The wight hits you but does no damage. 2 orc wizards, a bullfrog, a troll, 2 steam dragons and a wight come into view.
The orc wizard shouts! x2; The bullfrog croaks.
The troll shouts!
The steam dragon hisses angrily.
You hear a shout!
The wight closely misses you.
An orc comes into view. It is wielding a +0 hand axe.
The troll moves out of view.
The steam dragon moves out of view.
The wight moves out of view.
Items here: ))) [[.
You barely miss the wight. The wight barely misses you.
You barely miss the wight. The wight hits you with a +0 halberd.
You die...

~.. ....##########
~.. ........#....#
~... ##....†......#
~.... #.........<.##
~....##.....#....##
≈........D.##....##
~........oo##.....##
.......)TgFzz......#
..........#.#@##..##
..........###.#####
............###
......5......#
................:
......zz.z##.####
......8.... ..#
..#......#...##
..##.....#. .##


You could see a troll, a steam dragon, a bullfrog, 2 wights, an orc wizard, an
orc and a goblin.

Vanquished Creatures
  A hornet (D:5)
  Grinder (D:4)
  Edmund (D:6)
  2 water moccasins (D:6)
  3 sky beasts
  4 black bears
  4 centaurs
  2 ogres
  3 phantoms
  A kobold brigand (D:6)
  2 bullfrogs
  2 scorpions
  2 wights (D:8)
  A howler monkey (D:8)
  5 hounds
  2 orc priests (D:4)
  A gnoll bouda (D:6)
  3 jellies
  5 sleepcaps
  Ijyb (D:3)
  5 iguanas
  An orc wizard (D:6)
  9 adders
  11 gnolls
  A shadow imp (D:8)
  A white imp (D:8)
  2 ufetubi (D:5)
  A worm (D:4)
  2 dart slugs
  9 orcs
  2 bats
  4 endoplasms
  6 giant cockroaches
  8 hobgoblins
  3 quokkas
  4 ball pythons
  5 frilled lizards
  9 goblins
  11 kobolds
  6 rats
146 creatures vanquished.

Notes
Turn   | Place    | Note
-------+----------+-------------------------------------------
     0 | D:1      | Dittersdorf the Human Fighter began the quest for the Orb.
     0 | D:1      | Reached XP level 1. HP: 18/18 MP: 1/1
   541 | D:2      | Reached XP level 2. HP: 24/24 MP: 2/2
   947 | D:2      | Reached XP level 3. HP: 29/29 MP: 3/3
  1274 | D:3      | Reached XP level 4. HP: 35/35 MP: 4/4
  1402 | D:3      | Noticed Ijyb
  1422 | D:3      | Killed Ijyb
  1505 | D:3      | Found a hide-covered altar of Uskayaw.
  1550 | D:3      | Learned a level 2 spell: Passwall
  1660 | D:3      | Reached XP level 5. HP: 42/42 MP: 5/5
  1774 | D:3      | Found a faded altar of an unknown god.
  2258 | D:4      | Noticed Grinder
  2276 | D:4      | Paralysed by Grinder for 3 turns
  2277 | D:4      | Reached XP level 6. HP: 48/48 MP: 6/6
  2285 | D:4      | Paralysed by Grinder for 3 turns
  2292 | D:4      | Paralysed by Grinder for 2 turns
  2295 | D:4      | Killed Grinder
  2296 | D:4      | Reached XP level 7. HP: 39/55 MP: 7/7
  2425 | D:4      | Identified the +0 scale mail of the Iron Devil {Str+4 Int+3
                  | Dex+3}
  2652 | D:4      | Found a snail-covered altar of Cheibriados.
  2750 | D:4      | Found a staircase to the Ecumenical Temple.
  2759 | Temple   | Entered the Ecumenical Temple
  3146 | D:5      | Entered Level 5 of the Dungeon
  3166 | D:5      | Noticed a hornet
  3172 | D:5      | Paralysed by a hornet for 2 turns
  3176 | D:5      | Killed a hornet
  3177 | D:5      | Reached skill level 5 in Fighting
  3177 | D:5      | Reached skill level 5 in Armour
  3177 | D:5      | Reached skill level 5 in Shields
  3177 | D:5      | Reached XP level 8. HP: 25/62 MP: 8/8
  3330 | D:5      | Found a sparkling altar of Nemelex Xobeh.
  3380 | D:5      | Found Vueggy's Magic Scroll Emporium.
  3775 | D:5      | Reached skill level 5 in Long Blades
  4262 | D:5      | Found Vueggy's Magic Scroll Emporium.
  4269 | D:5      | Reached XP level 9. HP: 69/69 MP: 9/9
  4429 | D:5      | Found a sparkling altar of Nemelex Xobeh.
  4472 | D:6      | Identified a scroll of acquirement
  4472 | D:6      | Acquired a +1 demon blade of freezing
  4870 | D:6      | Found Jaitaziepn's Assorted Antiques.
  4936 | D:6      | Noticed Edmund
  4953 | D:6      | Killed Edmund
  6072 | D:7      | Reached XP level 10. HP: 74/79 MP: 10/10
  6108 | D:7      | Found a glowing golden altar of the Shining One.
  6120 | D:7      | Found a large runed translucent door.
  6121 | D:7      | Found a large runed translucent door.
  6122 | D:7      | Noticed Fodor's ghost (novice MiFi)
  6288 | D:7      | Found a white marble altar of Elyvilon.
  6620 | D:8      | HP: 1/74 [wight/+0 halberd (5)]
  6626 | D:8      | Slain by a wight

Illustrated notes

Levels and vault maps discovered:
D:1:      sevenhm_arrival_forest_fort_large_4, layout_rooms, minmay_statues_item
D:2:      layout_loops_ring, kennysheep_generic_room_16
D:3:      layout_loops_cross, nicolae_uskayaw_dance_hall,
          ebering_ecumenical_altar_abandoned, saegor_snake_ambush, uniq_ijyb
D:4:      minmay_chambers_of_twos, layout_rooms,
          mainiacjoe_overflow_small_starburst, minmay_temple_entry_hall,
          uniq_grinder
D:5:      layout_cave_pools, mainiacjoe_overflow_alcove_1, serial_shops, shop
D:6:      layout_loops_ring, serial_shops, nicolae_shop_overgrown_old_shop,
          uniq_edmund
D:7:      layout_basic, nicolae_overflow_hidden_temple,
          mainiacjoe_overflow_paths, ebering_ghost_disaster_area
D:8:      minmay_goldmine, layout_cave_pools, serial_column_ruins,
          column_ruins_open_tiny, column_ruins_open_small,
          column_ruins_columns_straight, column_ruins_open_tiny_water,
          column_ruins_columns_corner, column_ruins_open_tiny_water,
          enter_bailey_3, reono_crystal_passage, hangedman_incinerator
Temple:   hellmonk_temple_rainy

Skill      XL: |  1  2  3  4  5  6  7  8  9 10 |
---------------+-------------------------------+-----
Long Blades    | 3 4 5 6 7 |  7.2
Fighting       | 4 5 6 7 |  7.6
Shields        | 4 5 6 7 |  7.6
Armour         | 4 5 6 7 |  7.6

Action                     |  1- 3 |  4- 6 |  7- 9 | 10-12 || total
---------------------------+-------+-------+-------+-------++-------
  Melee: Long sword        |    93 |   100 |   196 |       ||   389
         Demon blade       |       |       |   138 |    71 ||   209
  Throw: Dart              |       |       |     1 |       ||     1
  Evoke: Wand              |       |     9 |    13 |       ||    22
    Use: Scroll            |       |       |    10 |       ||    10
 Armour: Scale mail        |    57 |    11 |   333 |    63 ||   464
         Chain mail        |       |    82 |     2 |       ||    84
  Dodge: Dodged            |    44 |    40 |   206 |    22 ||   312
  Block: Buckler           |    20 |    19 |   136 |    11 ||   186

Table legend: (Time is in decaauts)
 A = Elapsed time spent in this place.
 B = Non-inter-level travel time spent in this place.
 C = Inter-level travel time spent in this place.
 D = Time resting spent in this place.
 E = Time spent auto-exploring this place.
 F = Levels seen in this place.
 G = Mean time per level.
                   A        B        C        D        E       F      G
               +--------+--------+--------+--------+--------+-----+--------+
         Total |   6757 |   6518 |    239 |   1263 |   3488 |   9 |  750.8 |
       Dungeon |   6738 |   6499 |    239 |   1263 |   3488 |   8 |  842.2 |
        Temple |     19 |     19 |      0 |      0 |      0 |   1 |   19.0 |
               +--------+--------+--------+--------+--------+-----+--------+

Top non-repeatable levels by time:
     D:5: 1372 daAuts
     D:6: 1220 daAuts
     D:4: 1105 daAuts
     D:3: 920 daAuts
     D:2: 789 daAuts
     D:7: 708 daAuts
     D:1: 543 daAuts
     D:8: 77 daAuts
  Temple: 19 daAuts
